 Dungeon Crawl Stone Soup version bcrawl-1.27.8b (webtiles) character file.

Game seed: 7178014870163368214

466421 LostNumber the Covert (level 11, -2/66 HPs)
             Began as a Twilight Stalker Archaeologist on Nov 7, 2020.
             Was a Priest of Kikubaaqudgha.
             Slain by an ice beast (8 damage)
             ... summoned by an ice statue
             ... in an ice cave.
             The game lasted 00:19:06 (7363 turns).

LostNumber the Covert (VSAc)                        Turns: 7363, Time: 00:19:07

Health: -2/66      AC: 12    Str: 17    XL:     11   Next: 46%
Magic:  12/12      EV: 16    Int: 15    God:    Kikubaaqudgha [***...]
Gold:   534        SH:  0    Dex: 12    Spells: 4/10 levels left

rFire    . . .     SeeInvis .   C - +3 dagger (speed)
rCold    . . .     Gourm    .   (no shield)
rNeg     . . .     Faith    .   b - +1 robe
rPois    +         Spirit   .   c - +1 hat
rElec    .         Reflect  .   i - +2 cloak {rPois}
rCorr    .         Harm     .   L - +1 pair of gloves
MR       +....                  d - +2 pair of boots
Stlth    ++++++++..             E - amulet of the acrobat
HPRegen  0.61/turn              f - +1 ring of slaying
MPRegen  0.13/turn              B - ring of stealth

@: no status effects
A: fangs 3, nightstalker 1, regeneration 1, no potion heal 3, rot immunity,
draining bite, strong jaws, assimilated armour
a: Receive Corpses, Renounce Religion


You were in an ice cave.
You worshipped Kikubaaqudgha.
Kikubaaqudgha was most pleased with you.
You were not hungry.

You visited 2 branches of the dungeon, and saw 9 of its levels.
You also visited: Ice Cave.

You collected 534 gold pieces.

Inventory:

Hand Weapons
 a - a +0 whip
 k - a +0 dagger
   (You took it off a goblin on level 1 of the Dungeon)
 C - a +3 dagger of speed (weapon)
   (You found it on level 5 of the Dungeon)
 I - a +3 short sword of freezing
   (You took it off a wight on level 7 of the Dungeon)
Armour
 b - a +1 robe (worn)
 c - a +1 hat (worn)
 d - a +2 pair of boots (worn)
 i - a +2 cloak of poison resistance (worn)
   (You found it on level 4 of the Dungeon)
 L - a +1 pair of gloves (worn)
   (You found it on level 7 of the Dungeon)
Jewellery
 f - a +1 ring of slaying (left hand)
   (You acquired it on level 2 of the Dungeon)
 B - a ring of stealth (right hand)
   (You found it on level 5 of the Dungeon)
 E - an amulet of the acrobat (around neck)
   (You found it on level 5 of the Dungeon)
 G - an uncursed ring of poison resistance
   (You found it on level 5 of the Dungeon)
 J - an uncursed ring of magical power
   (You found it on level 7 of the Dungeon)
 K - a +3 ring of evasion
   (You found it on level 7 of the Dungeon)
 M - the ring "Ufynyj" {+Fly MR+ Dex+4 Stlth-}
   (You found it on level 7 of the Dungeon)

   [ring of flight]

   It affects your dexterity (+4).
   It affects your resistance to hostile enchantments.
   It lets you fly.
   It makes you less stealthy.
Wands
 u - a wand of paralysis (10)
   (You found it on level 5 of the Dungeon)
 H - a wand of polymorph (2)
   (You took it off Pikel on level 6 of the Dungeon)
Scrolls
 h - 4 scrolls of enchant weapon
 m - 3 scrolls of teleportation {@r4}
 p - a scroll of fog {unknown}
 q - 3 scrolls of enchant armour
 r - a scroll of fear
 s - a scroll of amnesia
 x - 2 scrolls of remove curse {@r2}
Potions
 j - a potion of haste {@q3}
 l - 3 potions of mutation {!q}
 n - 4 potions of agility
 t - 5 potions of curing {@q1}
 v - a potion of flight
 w - a potion of heal wounds {@q2}
 z - 3 potions of magic
 D - 2 potions of lignification {!q}
 F - a potion of might
Comestibles
 e - 12 rations {!d!d}


   Skills:
 + Level 6.9 Fighting
 + Level 7.4 Short Blades
 - Level 0.8 Maces & Flails
 + Level 3.7 Armour
 + Level 8.4 Dodging
 + Level 11.3 Stealth
 - Level 1.6 Unarmed Combat
 * Level 8.0 Necromancy


You had 4 spell levels left.
You knew the following spells:

 Your Spells              Type           Power        Failure   Level  Hunger
d - Corpse Rot            Necr           N/A          1%          2    ####...
u - Animate Dead          Necr           N/A          10%         4    ######.

Your spell library contained the following spells:

 Spells                   Type           Power        Failure   Level  Hunger
 Animate Skeleton         Necr           N/A          1%          1    None
 Pain                     Necr           ###...       1%          1    None
 Sublimation of Blood     Necr           ###.......   1%          2    ####...
 Vampiric Draining        Necr           ###.......   3%          3    #####..
 Shock                    Conj/Air       #....        26%         1    None
 Swiftness                Chrm/Air       #.......     38%         2    ####...
 Call Canine Familiar     Summ           #.......     63%         3    #####..
 Static Discharge         Air            #.......     63%         3    #####..
 Airstrike                Air            #.........   95%         4    ######.
 Summon Ice Beast         Ice/Summ       #.......     95%         4    ######.
 Agony                    Necr           ###.....     28%         5    #######
 Bolt of Draining         Conj/Necr      ##........   82%         5    #######
 Lightning Bolt           Conj/Air       #.........   100%        5    #######
 Summon Mana Viper        Hex/Summ       #.......     100%        5    #######
 Borgnjor's Vile Clutch   Necr/Erth      ##........   100%        6    #######
 Summon Hydra             Summ           #.........   100%        6    #######
 Monstrous Menagerie      Summ           #.........   100%        7    #######


Dungeon Overview and Level Annotations

Branches:
Dungeon (8/12)             Temple (0/1) D:5            Lair (1/6) D:8
    Orc: D:8-11

Altars:
Kikubaaqudgha
Xom

Annotations:
IceCv exclusion: ice statue


Innate Abilities, Weirdness & Mutations

You have razor-sharp teeth.
You are slightly more attuned to the shadows.
Your natural rate of healing is unusually fast.
Potions cannot restore your health.
You are immune to rotting.
Your bite drains your enemy's life force.
Your bites deal extra damage.
Your stealth is less affected by armour.


Message History

The ice statue gestures at you. The bolt of cold misses you.
The bolt of cold hits the ice beast.
The ice beast completely resists.
The ice beast misses you.
You barely miss the ice statue.
You bite the ice statue, but do no damage.
You hit the ice statue but do no damage.
The ice beast misses you. The ice statue gestures at you.
The freezing cloud misses you.
The ice beast hits you but does no damage.
You hit the ice statue.
You bite the ice statue, but do no damage.
You are engulfed in freezing vapours.
You hit the ice statue but do no damage.
You bite the ice statue!
You are engulfed in freezing vapours.
The ice beast barely misses you.
Unknown command.
Unknown command.
You hit the ice statue. You bite the ice statue.
You are engulfed in freezing vapours.
The ice statue gestures at you. The shard of ice hits you!!
* * * LOW HITPOINT WARNING * * *
The ice beast misses you.
You are engulfed in freezing vapours.
* * * LOW HITPOINT WARNING * * *
Unknown command.
Unknown command.
You closely miss the ice beast. Your bite misses the ice beast.
The ice beast hits you.
* * * LOW HITPOINT WARNING * * *
The ice beast freezes you.
* * * LOW HITPOINT WARNING * * *
You barely miss the ice beast. Your bite misses the ice beast.
You hit the ice beast. You bite the ice beast.
Unknown command.
You hit the ice beast. Your bite misses the ice beast.
The ice beast completely misses you. The ice beast closely misses you.
You hit the ice beast but do no damage. You hit the ice beast.
The ice beast misses you.
You hit the ice beast but do no damage.
You bite the ice beast, but do no damage.
The ice beast closely misses you.
You hit the ice beast. You hit the ice beast. You bite the ice beast.
Your bite drains the ice beast!
The ice beast barely misses you. The ice beast hits you.
* * * LOW HITPOINT WARNING * * *
The ice beast freezes you!
You die...
Kikubaaqudgha rasps: "You have failed me!
Welcome... death!"

### ##..# #....#
......## .......## ####
........# #### ##..##
.......####..#####....##
........##....##.......#
...........#...Y@..∩.∩.#
..........###..Y.......#
.....°.°### ##..##....##
.......## ######..##
.....°°8# #### ......○##
#.....## #..... ##..##


You could see 2 ice beasts.

Vanquished Creatures
  A two-headed ogre (D:8)
  Pikel (D:6)
  An elephant (D:8)
  A centaur zombie (D:8)
  An ice statue (IceCv)
  A rime drake (IceCv)
  3 trolls (D:8)
  A slime creature (D:8)
  3 hippogriffs
  Sigmund (D:6)
  A hungry ghost (D:8)
  2 crocodiles (D:8)
  3 orc warriors
  A hornet zombie (D:7)
  12 ice beasts
  2 slaves (D:6)
  6 sky beasts
  2 phantoms
  5 necrophages (D:7)
  4 ogres
  2 centaurs
  A big kobold (D:7)
  4 bullfrogs
  A gnoll sergeant (D:7)
  A wyvern skeleton (D:7)
  3 scorpions
  6 wights (D:7)
  2 bullfrog zombies
  3 crimson imps
  A jelly (D:2)
  An orc priest (D:6)
  A gnoll shaman (D:7)
  5 hounds
  An orc wizard (D:3)
  2 iguanas
  Natasha (thrice) (D:3)
  5 worker ants
  2 killer bee zombies
  4 hound zombies (D:7)
  3 hound skeletons
  A mummy (D:7)
  2 worker ant zombies
  11 gnolls
  8 adders
  A shadow imp (D:8)
  12 white imps (Lair:1)
  2 oozes
  3 worms
  2 dart slugs (D:2)
  4 leopard geckos
  35 orcs
  8 bats
  4 giant cockroaches
  5 goblins
  8 hobgoblins
  8 jackals
  8 kobolds
  3 quokkas
  9 ball pythons
  7 frilled lizards
  A jackal skeleton (D:8)
  A jackal zombie (D:7)
  A quokka skeleton (D:4)
  7 rats
254 creatures vanquished.

Vanquished Creatures (others)
  A gnoll (D:7)
1 creature vanquished.

Grand Total: 255 creatures vanquished

Notes
Turn   | Place    | Note
-------+----------+-------------------------------------------
     0 | D:1      | LostNumber the Vine Stalker Archaeologist began the quest
                  | for the Orb.
     0 | D:1      | Reached XP level 1. HP: 11/11 MP: 2/2
    68 | D:1      | Reached skill level 1 in Fighting
    83 | D:1      | Reached XP level 2. HP: 15/16 MP: 3/3
   757 | D:2      | Reached XP level 3. HP: 20/20 MP: 4/4
   784 | D:1      | Reached skill level 1 in Short Blades
   966 | D:2      | Reached skill level 5 in Stealth
  1186 | D:2      | Reached XP level 4. HP: 24/25 MP: 5/5
  1719 | D:3      | Noticed Natasha
  1747 | D:3      | Killed Natasha
  1891 | D:3      | Noticed Natasha
  1897 | D:2      | Reached XP level 5. HP: 15/30 MP: 6/6
  1897 | D:2      | Identified a scroll of acquirement
  2302 | D:3      | Gained mutation: You have razor-sharp teeth. [Vine Stalker
                  | growth]
  2302 | D:3      | Reached XP level 6. HP: 36/36 MP: 7/7
  2347 | D:3      | Killed Natasha
  2431 | D:3      | Noticed Natasha
  2704 | D:3      | Killed Natasha
  2704 | D:3      | Reached skill level 6 in Stealth
  3050 | D:4      | Noticed a phantom
  3083 | D:4      | Killed a phantom
  3083 | D:4      | Reached XP level 7. HP: 31/40 MP: 8/8
  3548 | D:4      | Reached skill level 7 in Stealth
  3647 | D:4      | Reached skill level 5 in Dodging
  3647 | D:4      | Gained mutation: Your bite drains your enemy's life force.
                  | [Twilight Stalker growth]
  3647 | D:4      | Gained mutation: Your stealth is less affected by armour.
                  | [Twilight Stalker growth]
  3647 | D:4      | Gained mutation: You are slightly more attuned to the
                  | shadows. [Twilight Stalker growth]
  3647 | D:4      | Reached XP level 8. HP: 37/48 MP: 8/9
  3707 | D:5      | Entered Level 5 of the Dungeon
  3750 | D:5      | Reached skill level 1 in Unarmed Combat
  3783 | D:5      | Found an ancient bone altar of Kikubaaqudgha.
  3813 | D:5      | Reached skill level 5 in Short Blades
  3824 | D:5      | Became a worshipper of Kikubaaqudgha
  3945 | D:5      | Found a staircase to the Ecumenical Temple.
  4534 | D:5      | Reached skill level 8 in Stealth
  4693 | D:6      | Noticed Sigmund
  4715 | D:6      | Killed Sigmund
  4726 | D:6      | Reached XP level 9. HP: 47/52 MP: 10/10
  4914 | D:6      | Reached skill level 5 in Fighting
  4952 | D:6      | Reached * piety under Kikubaaqudgha
  4952 | D:6      | Identified Kikubaaqudgha's Reference Book on Dark Arts
                  | (Kikubaaqudgha gifted it to you on level 6 of the Dungeon)
  4952 | D:6      | Received a gift from Kikubaaqudgha
  4952 | D:6      | Reached skill level 9 in Stealth
  4957 | D:6      | Learned a level 2 spell: Corpse Rot
  4962 | D:6      | Noticed Pikel
  5028 | D:6      | Killed Pikel
  5430 | D:7      | Reached skill level 1 in Necromancy
  5523 | D:7      | Reached skill level 1 in Armour
  5680 | D:7      | Reached XP level 10. HP: 60/60 MP: 11/11
  5743 | D:7      | Reached skill level 10 in Stealth
  5952 | D:7      | Got a warped silver ring
  5953 | D:7      | Identified the ring "Ufynyj" {+Fly MR+ Dex+4 Stlth-} (You
                  | found it on level 7 of the Dungeon)
  6028 | D:7      | Reached ** piety under Kikubaaqudgha
  6178 | D:8      | Reached skill level 5 in Necromancy
  6246 | D:8      | Found a staircase to the Lair.
  6246 | D:8      | Noticed an elephant
  6268 | D:8      | Killed an elephant
  6303 | D:8      | Noticed a two-headed ogre
  6325 | D:8      | Killed a two-headed ogre
  6325 | D:8      | Reached XP level 11. HP: 39/66 MP: 12/12
  6415 | D:8      | Reached skill level 11 in Stealth
  6482 | D:8      | Found a shimmering altar of Xom.
  6839 | Lair:1   | Entered Level 1 of the Lair of Beasts
  6851 | Lair:1   | Found a frozen archway.
  6863 | Lair:1   | Reached *** piety under Kikubaaqudgha
  6863 | Lair:1   | Identified Kikubaaqudgha's Reference Book on Evil
                  | (Kikubaaqudgha gifted it to you on level 1 of the Lair of
                  | Beasts)
  6863 | Lair:1   | Received a gift from Kikubaaqudgha
  6931 | IceCv    | Entered an ice cave
  6958 | IceCv    | Learned a level 4 spell: Animate Dead
  7363 | IceCv    | Slain by an ice beast

Skill      XL: |  1  2  3  4  5  6  7  8  9 10 11 |
---------------+----------------------------------+-----
Fighting       | 1 2 3 4 5 6 |  6.9
Short Blades   | 1 2 3 4 5 6 7 |  7.4
Stealth        | 5 6 7 8 9 10 11 | 11.3
Dodging        | 4 5 7 8 |  8.4
Unarmed Combat | 1 |  1.6
Necromancy     | 3 6 8 |  8.0
Armour         | 1 3 |  3.7
Maces & Flails | |  0.8

Action                   |  1- 3 |  4- 6 |  7- 9 | 10-12 || total
-------------------------+-------+-------+-------+-------++-------
Melee: Whip              |    14 |       |       |       ||    14
       Dagger            |   162 |   320 |   438 |   456 ||  1376
       Bite              |    13 |    37 |   105 |   144 ||   299
       Punch             |       |       |     2 |     2 ||     4
       Unarmed           |       |       |    16 |       ||    16
  Use: Scroll            |       |     5 |    12 |     7 ||    24
       Potion            |       |     1 |       |     1 ||     2
 Stab: Sleeping          |    11 |     9 |    13 |    27 ||    60
       Distracted        |     1 |       |     1 |       ||     2
  Eat: Chunk             |     5 |    13 |    15 |     6 ||    39
       Ration            |       |       |       |     1 ||     1
Armor: Robe              |    60 |    71 |    81 |    63 ||   275
       Skin              |       |       |     3 |       ||     3
Dodge: Dodged            |   167 |   145 |   195 |   214 ||   721
